 Dungeon Crawl Stone Soup version 0.27-a0-445-gbe96e517c0 (webtiles) character file.

Game seed: 15367977419882346364

6 Nattfarinn the Ruffian (level 1, -1/18 HPs)
             Began as a Naga Transmuter on Feb 27, 2021.
             Slain by an ooze (4 damage)
             ... on level 1 of the Dungeon.
             The game lasted 00:01:35 (705 turns).

Nattfarinn the Ruffian (Naga Transmuter)             Turns: 705, Time: 00:01:36

Health: -1/18      AC:  1    Str: 12    XL:     1   Next: 90%
Magic:  2/3        EV: 10    Int: 13    God:
Gold:   0          SH:  0    Dex: 11    Spells: 3/4 levels left

rFire    . . .     SeeInvis +   c - +0 dagger
rCold    . . .     Faith    .   (no shield)
rNeg     . . .     Spirit   .   a - +0 robe
rPois    +         Reflect  .   (helmet currently unavailable)
rElec    .         Harm     .   (no cloak)
rCorr    .         Rampage  .   (no gloves)
Will     .....                  (no barding)
Stlth    +.........             (no amulet)
HPRegen  0.06/turn              (no ring)
MPRegen  0.08/turn              (no ring)

@: appendages (expiring), very slow
A: large, horns 2, see invisible, deformed body, poison resistance, slowness 2,
spit poison 1, AC +0
a: Spit Poison, End Transformation


You were on level 1 of the Dungeon.
You had grown temporary horns.
You visited 1 branch of the dungeon, and saw 1 of its levels.

Inventory:

Hand Weapons
 c - a +0 dagger (weapon)
Armour
 a - a +0 robe (worn)
Scrolls
 b - a scroll of magic mapping {unknown}


   Skills:
 * Level 1.6 Fighting
 - Level 1.5 Dodging
 + Level 3.1 Unarmed Combat
 - Level 2.0 Spellcasting
 - Level 2.0 Transmutations


You had 3 spell levels left.
You knew the following spells:

 Your Spells              Type           Power        Failure   Level
a - Beastly Appendage     Tmut           12%          11%         1

Your spell library contained the following spells:

 Spells                   Type           Power        Failure   Level
 Wereblood                Tmut           6%           17%         2
 Spider Form              Tmut/Pois      1%           45%         3
 Ice Form                 Ice/Tmut       3%           86%         4
 Blade Hands              Tmut           3%           97%         5


Dungeon Overview and Level Annotations

Branches:
Dungeon (1/15)

Altars:


Innate Abilities, Weirdness & Mutations

You cannot wear boots.
Your serpentine skin is tough. (AC +0)
You have supernaturally acute eyesight. (SInv)
Armour fits poorly on your strangely shaped body.
Your system is resistant to poisons. (rPois)
You cover ground very slowly.
You can spit poison.
You have a pair of horns on your head.


Message History

The goblin shouts!
You hear a shout!
The ooze barely misses you.
A hobgoblin comes into view.
A kobold comes into view. It is wielding a +0 dagger.
A hobgoblin comes into view. It is wielding a +0 club.
The hobgoblin shouts!
The kobold shouts!
You hit the ooze.
The ooze is moderately wounded.
You hear a shout!
The ooze hits you.
A goblin comes into view. It is wielding a +0 club.
Casting: Beastly Appendage (safe; 11% risk of failure)
Confirm with . or Enter, or press ? or * to list all spells.
You grow a pair of large bovine horns.
Your transformation is almost over.
The ooze hits you but does no damage.
A leopard gecko comes into view.
You hit the ooze but do no damage. Your punch misses the ooze.
The ooze is moderately wounded.
The ooze hits you.
You hit the ooze.
The ooze is moderately wounded.
The ooze misses you.
You hit the ooze.
The ooze is moderately wounded.
The ooze hits you. The goblin hits you but does no damage.
You hit the ooze but do no damage.
The ooze is moderately wounded.
The ooze hits you.
* * * LOW HITPOINT WARNING * * *
You hit the ooze but do no damage.
The ooze is moderately wounded.
A bat comes into view.
The ooze closely misses you. The kobold hits you with a +0 dagger.
* * * LOW HITPOINT WARNING * * *
The goblin hits you but does no damage.
The bat moves out of view.
You hit the ooze.
The ooze is heavily wounded.
The ooze hits you.
You die...

.#..........#
#####.......## #
#........# ####
........# #.. ......#.#
### #.####.#..#.# ...###
#)#....#.##.##+##......
#.##.#..........K..#
##.##.#.#.#.....@Jgg#
......#.#.#.#...gg##.⌠b.
#######.#.#.#.....# ⌠
#.###.####..# #.. ..#
#..# ### ### #....
#....# ###[..


You could see an ooze, 2 hobgoblins, 2 goblins, a bat and a kobold.

Vanquished Creatures
  A dart slug (D:1)
  2 kobolds (D:1)
  2 bats (D:1)
5 creatures vanquished.

Notes
Turn   | Place    | Note
-------+----------+-------------------------------------------
     0 | D:1      | Nattfarinn the Naga Transmuter began the quest for the Orb.
     0 | D:1      | Reached XP level 1. HP: 18/18 MP: 3/3
   705 | D:1      | Slain by an ooze

Illustrated notes

Levels and vault maps discovered:
D:1:      dpeg_arrival_central, layout_basic, minmay_hexomino_c4

Action                   || total
-------------------------++-------
Melee: Unarmed           ||    40
       Dagger            ||     8
       Headbutt          ||     2
 Cast: Beastly Appendage ||     5
Armor: Robe              ||    23
Dodge: Dodged            ||    41

Table legend: (Time is in decaauts)
 A = Elapsed time spent in this place.
 B = Non-inter-level travel time spent in this place.
 C = Inter-level travel time spent in this place.
 D = Time resting spent in this place.
 E = Time spent auto-exploring this place.
 F = Levels seen in this place.
 G = Mean time per level.
                   A        B        C        D        E       F      G
               +--------+--------+--------+--------+--------+-----+--------+
         Total |    775 |    771 |      4 |    430 |    233 |   1 |  775.0 |
       Dungeon |    775 |    771 |      4 |    430 |    233 |   1 |  775.0 |
               +--------+--------+--------+--------+--------+-----+--------+

Top non-repeatable levels by time:
     D:1: 775 daAuts
